 Dungeon Crawl Stone Soup version 0.28-a0-385-g79de503ca0 (webtiles) character file.

Game seed: 17056173169476008577

153 Telegenic the Magician (level 5, -1/28 HPs)
             Began as a Deep Elf Fire Elementalist on Sept 3, 2021.
             Slain by Sigmund (9 damage)
             ... on level 3 of the Dungeon.
             The game lasted 00:45:42 (1682 turns).

Telegenic the Magician (Deep Elf Fire Elementalist) Turns: 1682, Time: 00:45:43

Health: -1/28      AC:  3    Str:  5    XL:     5   Next: 12%
Magic:  18/23      EV: 12    Int: 21    God:
Gold:   123        SH:  0    Dex: 15    Spells: 6/13 levels left

rFire   . . .      SeeInvis .   i - +0 short sword
rCold   . . .      Faith    .   (no shield)
rNeg    . . .      Spirit   .   k - +0 leather armour
rPois   .          Reflect  .   (no helmet)
rElec   .          Harm     .   (no cloak)
rCorr   .          Rampage  .   (no gloves)
Will    .....                   (no boots)
Stlth   ++........              (no amulet)
HPRegen 0.09/turn               m - ring of magical power
MPRegen 0.18/turn               (no ring)

@: very slightly contaminated
A: no striking features
a: no special abilities


You were on level 3 of the Dungeon.
You visited 1 branch of the dungeon, and saw 3 of its levels.

You collected 123 gold pieces.

Inventory:

Hand Weapons
 h - a +0 dagger
 i - a +0 short sword (weapon)
 j - a +0 dagger
Missiles
 c - 89 stones
Armour
 a - a +0 robe
 b - a +0 ring mail
 k - a +0 leather armour (worn)
Jewellery
 m - a ring of magical power (left hand)
Scrolls
 e - a scroll of enchant armour {unknown}
 f - a scroll of brand weapon {unknown}
 g - a scroll of teleportation
 l - a scroll of noise {unknown}
 o - a scroll of acquirement {unknown}
Potions
 n - a potion of brilliance {unknown}
 p - a potion of heal wounds {unknown}
 q - a potion of flight {unknown}


   Skills:
 + Level 0.1 Fighting
 + Level 0.2 Throwing
 + Level 0.4 Armour
 + Level 3.3 Dodging
 + Level 2.9 Stealth
 + Level 4.8 Spellcasting
 + Level 1.4 Conjurations
 + Level 4.6 Fire Magic


You had 6 spell levels left.
You knew the following spells:

 Your Spells              Type           Power      Damage    Failure   Level
a - Foxfire               Conj/Fire      68%        2x1d7     5%          1
b - Scorch                Fire           48%        2d7       4%          2
c - Inner Flame           Hex/Fire       14%        N/A       22%         3
d - Shock                 Conj/Air       32%        1d5       14%         1

Your spell library contained the following spells:

 Spells                   Type           Power      Damage    Failure   Level
 Conjure Flame            Conj/Fire      17%        6-21      16%         3
 Sticky Flame             Conj/Fire      17%        2d4       47%         4
 Swiftness                Air            5%         N/A       50%         3
 Fireball                 Conj/Fire      8%         3d6       83%         5
 Airstrike                Air            2%         N/A       88%         4


Dungeon Overview and Level Annotations

Branches:
Dungeon (3/15)

Altars:
Wu Jian

Annotations:
D:3 Sigmund


Message History

Sigmund is lightly wounded.
The foxfire hits Sigmund!
Sigmund is moderately wounded.
Casting: Foxfire (safe; 5% risk of failure)
Confirm with . or Enter, or press ? or * to list all spells.
You conjure some foxfire!
Sigmund casts a spell at you. The puff of flame hits you!
The foxfire hits Sigmund but does no damage.
Sigmund is moderately wounded.
The foxfire hits Sigmund.
Sigmund is heavily wounded.
Casting: Foxfire (safe; 5% risk of failure)
Confirm with . or Enter, or press ? or * to list all spells.
You conjure some foxfire!
Sigmund hits you from afar with a +3 vampiric scythe!
* * * LOW HITPOINT WARNING * * *
Sigmund draws strength from your wounds!
Unknown command.
Casting: Foxfire (safe; 5% risk of failure)
Confirm with . or Enter, or press ? or * to list all spells.
Okay, then.
Casting: Foxfire (safe; 5% risk of failure)
Confirm with . or Enter, or press ? or * to list all spells.
Aiming: Shock (safe; 14% risk of failure)
Press: ? - help, Shift-Dir - straight line You miscast Shock.
You are very lightly contaminated with residual magic.
Nothing appears to happen.
The foxfire hits Sigmund but does no damage.
Sigmund is lightly wounded.
The foxfire hits Sigmund!
Sigmund is moderately wounded.
Casting: Shock (safe; 14% risk of failure)
Confirm with . or Enter, or press ? or * to list all spells.
Aiming: Shock (safe; 14% risk of failure)
Press: ? - help, Shift-Dir - straight line You miscast Shock.
Nothing appears to happen.
Sigmund hits you from afar with a +3 vampiric scythe!
You die...

# .g #.... # ##.....##...#
#### #......##...###
...#######$##..........#
........##.#.......<...##
....................#.....#
..†.><............)........
...............§§†..## #...
.............)..@.@.# ##
....................##
..........#..........#
.........##..........#
#.........#..^........#
#.........#.........#.#
#.........#[........#.#
#.........##........#.#
.........###.....#...


You could see Sigmund.

Vanquished Creatures
  An ogre (D:3)
  Terence (D:2)
  An adder (D:2)
  2 worms (D:2)
  An orc (D:3)
  A ball python (D:1)
  A bat (D:3)
  5 endoplasms
  2 giant cockroaches
  4 goblins (D:1)
  2 hobgoblins
  A jackal (D:2)
  2 quokkas
  4 frilled lizards
  4 kobolds (D:1)
  2 rats (D:1)
34 creatures vanquished.

Vanquished Creatures (collateral kills)
  A kobold (D:3)
1 creature vanquished.

Vanquished Creatures (others)
  74 foxfires
74 creatures vanquished.

Grand Total: 109 creatures vanquished

Notes
Turn   | Place    | Note
-------+----------+-------------------------------------------
     0 | D:1      | Telegenic the Deep Elf Fire Elementalist began the quest
                  | for the Orb.
     0 | D:1      | Reached XP level 1. HP: 10/10 MP: 6/6
   465 | D:1      | Reached XP level 2. HP: 15/15 MP: 6/8
   473 | D:1      | Learned a level 2 spell: Scorch
   528 | D:1      | Found a faded altar of an unknown god.
   990 | D:2      | Reached XP level 3. HP: 19/19 MP: 8/10
   994 | D:2      | Learned a level 3 spell: Inner Flame
  1106 | D:2      | Noticed Terence
  1296 | D:2      | Killed Terence
  1299 | D:2      | Reached XP level 4. HP: 14/24 MP: 3/12
  1377 | D:2      | Found an ornate altar of the Wu Jian Council.
  1449 | D:3      | Noticed an ogre
  1606 | D:3      | Learned a level 1 spell: Shock
  1646 | D:3      | Killed an ogre
  1647 | D:3      | Reached XP level 5. HP: 28/28 MP: 14/14
  1674 | D:3      | Noticed Sigmund
  1682 | D:3      | Slain by Sigmund

Illustrated notes

Levels and vault maps discovered:
D:1:      dpeg_arrival_morbid_curiosity, layout_basic,
          ebering_ecumenical_altar_hall
D:2:      layout_rooms, basic_altar, uniq_terence
D:3:      cheibrodos_pilgrimage, layout_rooms, minmay_distorted, uniq_sigmund

Skill      XL: |  1  2  3 |
---------------+----------+-----
Dodging        | 3 |  3.3
Spellcasting   | 4 |  4.8
Fire Magic     | 4 |  4.6
Fighting       | |  0.1
Throwing       | |  0.2
Armour         | |  0.4
Stealth        | |  2.9
Conjurations   | |  1.4

Action                   |  1- 3 |  4- 6 || total
-------------------------+-------+-------++-------
Melee: Short sword       |     8 |       ||     8
Throw: Stone             |     7 |       ||     7
 Cast: Foxfire           |    29 |    11 ||    40
       Scorch            |    17 |     1 ||    18
  Use: Scroll            |     2 |     1 ||     3
Armor: Ring mail         |     1 |       ||     1
Dodge: Dodged            |    14 |     2 ||    16

Table legend: (Time is in decaauts)
 A = Elapsed time spent in this place.
 B = Non-inter-level travel time spent in this place.
 C = Inter-level travel time spent in this place.
 D = Time resting spent in this place.
 E = Time spent auto-exploring this place.
 F = Levels seen in this place.
 G = Mean time per level.
                   A        B        C        D        E       F      G
               +--------+--------+--------+--------+--------+-----+--------+
         Total |   1681 |   1617 |     64 |      0 |      0 |   3 |  560.3 |
       Dungeon |   1681 |   1617 |     64 |      0 |      0 |   3 |  560.3 |
               +--------+--------+--------+--------+--------+-----+--------+

Top non-repeatable levels by time:
     D:1: 896 daAuts
     D:2: 609 daAuts
     D:3: 175 daAuts
